 Dungeon Crawl Stone Soup version 0.31.0-11-ge490571c62 (webtiles) character file.

Game seed: 10141640845738343490

40349 CrypticCrinoid the Severer (level 13, -2/124 HPs)
             Began as a Minotaur Berserker on Feb 3, 2024.
             Was a High Priest of Trog.
             Killed from afar by a fire dragon (25 damage)
             ... with a blast of flame
             ... on level 15 of the Dungeon.
             The game lasted 00:31:29 (12648 turns).

CrypticCrinoid the Severer (Minotaur Berserker)    Turns: 12648, Time: 00:31:30

Health: -2/124     AC: 25    Str: 33    XL:     13   Next: 74%
Magic:  12/12      EV: 15    Int:  4    God:    Trog [*****.]
Gold:   1589       SH: 10    Dex: 10    Spells: 12/12 levels left

rFire   . . .        x - +2 war axe (drain)
rCold   . . .        O - +0 kite shield
rNeg    . . .        L - +2 plate armour {rPois}
rPois   +            (helmet restricted)
rElec   .            o - +2 cloak {rPois}
rCorr   .            F - +0 pair of gloves
SInv    .            p - +0 pair of boots
Will    .....        b - amulet of regeneration Stlth
                     q - +6 ring of strength
HPRegen 1.20/turn    t - +5 ring of evasion
MPRegen 0.13/turn

%: no passive effects
@: engulfed (cannot breathe)
A: horns 2, retaliatory headbutt
a: Renounce Religion, Berserk, Trog's Hand, Brothers in Arms


You were on level 15 of the Dungeon.
You worshipped Trog.
Trog was extremely pleased with you.
You visited 1 branch of the dungeon, and saw 15 of its levels.
You also visited: Ossuary.

You collected 1669 gold pieces.
You spent 80 gold pieces at shops.

Inventory:

Hand Weapons
 x - a +2 war axe of draining (weapon)
 R - a +3 executioner's axe of flaming
Missiles
 e - 2 throwing nets (quivered)
Armour
 o - a +2 cloak of poison resistance (worn)
 p - a +0 pair of boots (worn)
 F - a +0 pair of gloves (worn)
 L - a +2 plate armour of poison resistance (worn)
 O - a +0 kite shield (worn)
Jewellery
 b - an amulet of regeneration (around neck)
 q - a +6 ring of strength (left hand)
 t - a +5 ring of evasion (right hand)
 H - a ring of fire
 M - a ring of resist corrosion
Wands
 w - a wand of flame (45)
 I - a wand of iceblast (2)
 K - a wand of charming (11)
Scrolls
 a - 2 scrolls of revelation
 c - a scroll of vulnerability {unknown}
 f - 3 scrolls of fear
 g - 6 scrolls of teleportation
 j - 2 scrolls of fog
 k - a scroll of immolation
 m - 4 scrolls of poison
 n - 4 scrolls of torment
 r - a scroll of identify
 s - 4 scrolls of blinking
 v - a scroll of amnesia {unknown}
 y - a scroll of acquirement {unknown}
 E - a scroll of summoning {unknown}
 Q - a scroll of enchant weapon {unknown}
Potions
 d - 2 potions of haste
 h - 4 potions of might
 i - 8 potions of curing
 l - 4 potions of heal wounds
 u - 4 potions of enlightenment
 z - a potion of brilliance {unknown}
 A - a potion of cancellation {unknown}
 B - 2 potions of invisibility {unknown}
 C - a potion of mutation {unknown}
 D - a potion of berserk rage {unknown}
 G - a potion of ambrosia {unknown}
 J - 11 potions of degeneration
 N - 2 potions of lignification {unknown}
 P - 2 potions of attraction {unknown}
 S - 2 potions of resistance {unknown}


   Skills:
 * Level 14.2 Fighting
 * Level 17.8 Axes
 * Level 14.4 Armour
 + Level 6.0 Dodging
 - Level 1.0 Stealth
 * Level 9.0 Shields


You had 12 spell levels left.
You didn't know any spells.
Your spell library was empty.

Dungeon Overview and Level Annotations

Branches:
Dungeon (15/15)            Temple (0/1) D:7            Lair (0/5) D:11
    Orc (0/2) D:11         Vaults (0/5) D:13        Ossuary (visited)
 Depths: D:15

Altars:
Ashenzari
Cheibriados
Gozag
Hepliaklqana
Kikubaaqudgha
Okawaru
Qazlal
Ru
Sif Muna
Uskayaw
Vehumet
Yredelemnul
Zin
The Shining One

Shops:
D:3 !   D:10 *   D:12 :

Portals:
Trove: D:10 (give +7 demon whip)


Innate Abilities, Weirdness & Mutations

You have a pair of horns on your head.
You reflexively headbutt those who attack you in melee.


Message History

Your lungs strain for air!
The fire dragon breathes flames at you. The blast of flame misses you.
A tengu conjurer comes into view.
Unknown command.
Your unstable footing causes you to fumble your attack.
You are engulfed in a cloud of scalding steam.
Your lungs strain for air!
The water elemental hits you.
Unknown command.
Your unstable footing causes you to fumble your attack.
You are engulfed in a cloud of scalding steam.
Your lungs strain for air!
The tengu conjurer casts a spell.
The tengu conjurer conjures a globe of magical energy!
The fire dragon bites you.
The fire dragon claws you but does no damage.
You block the fire dragon's attack. You block the water elemental's attack.
A battlesphere comes into view.
You carve the fire dragon like a ham!!!
You headbutt the fire dragon, but do no damage.
The fire dragon is moderately wounded.
You slash the water elemental!
Your lungs strain for air!
The fire dragon bites you.
The fire dragon claws you but does no damage.
The fire dragon misses you. The water elemental barely misses you.
You barely miss the fire dragon.
The fire dragon is moderately wounded.
You slash the water elemental!
Your lungs strain for air!
The fire dragon bites you!
* * * LOW HITPOINT WARNING * * *
You block the fire dragon's attack. x2
* * * LOW HITPOINT WARNING * * *
Your lungs strain for air!
The water elemental hits you. The fire dragon breathes flames at you.
The blast of flame hits you!!
You die...

~~≈≈≈≈### ≈≈≈≈≈≈#.#
..~≈≈#≈≈## ≈≈≈≈≈##.#
#.≈≈≈≈≈≈*## ≈≈≈####..
#.~≈≈≈≈Q≈≈## ≈≈≈ #....
~.~≈~≈≈≈≈≈≈# ≈≈ #....
....≈≈≈≈≈≈# #####....
?.~.~≈D≈≈# #........
#.##E§########........
#....@......##..).##..
###########.......##..
###....^##..
##.....#.. #........
#....###. #....####
#......# #......#


You could see a fire dragon (catching breath), a water elemental, a tengu
conjurer and a battlesphere (distracted).

Vanquished Creatures
  Rupert (D:13)
  Josephine (D:13)
  A rakshasa (D:14)
  A catoblepas (D:14)
  3 hydras
  6 centaur warriors
  An ogre mage (D:13)
  Erica (D:9)
  A boulder beetle (D:14)
  5 two-headed ogres
  3 tengu warriors
  Sonja (D:10)
  Lodul (D:10)
  4 skeletal warriors (D:14)
  Pikel (D:7)
  2 deep elf pyromancers
  4 ugly things
  Maurice (D:7)
  A cyclops (D:15)
  A manticore (D:14)
  Joseph (D:7)
  3 meliai (D:14)
  3 gargoyles
  A cane toad (shapeshifter) (D:13)
  An efreet (D:13)
  Jeremiah (D:7)
  A freezing wraith (D:14)
  3 komodo dragons
  2 kobold demonologists (D:13)
  An unseen horror (D:11)
  2 tengu conjurers
  A wolf spider simulacrum (D:14)
  A troll (D:14)
  4 slime creatures
  A spriggan (shapeshifter) (D:14)
  A vampire (D:11)
  2 shadows
  5 water elementals
  13 yaks
  6 wyverns
  3 wraiths (D:13)
  A basilisk (D:11)
  A steam dragon (D:7)
  4 vampire mosquitoes (D:12)
  Grum (D:10)
  4 acid dragons
  6 water moccasins
  A swamp drake (D:11)
  An ice beast (D:8)
  2 laughing skulls (D:10)
  7 orc warriors
  2 black bears
  6 centaurs
  4 wolves (D:10)
  7 ogres (D:10)
  A phantom (D:5)
  5 kobold brigands
  2 bullfrogs
  2 gnoll sergeants
  3 scorpions
  5 wights (D:8)
  A burial acolyte (D:8)
  12 killer bees
  4 howler monkeys
  An electric eel (D:13)
  2 bombardier beetles
  6 orc priests
  3 hounds (D:5)
  3 jellies
  A gnoll bouda (D:6)
  Crazy Yiuf (D:3)
  Natasha (D:2)
  Terence (D:3)
  4 iguanas
  11 orc wizards
  8 mummies (Ossuary)
  2 hound zombies (D:8)
  12 gnolls
  8 adders
  2 shadow imps (D:8)
  3 white imps
  2 ufetubi (D:6)
  An adder zombie (D:8)
  3 dart slugs
  3 ribbon worms
  53 orcs
  5 ball pythons
  5 bats
  11 endoplasms
  2 giant cockroaches (D:1)
  5 goblins
  2 hobgoblins (D:4)
  3 quokkas
  3 frilled lizards
  A gnoll zombie (D:8)
  3 hobgoblin zombies (Ossuary)
  23 kobolds
  4 kobold zombies
  4 orc zombies (Ossuary)
  7 rats
387 creatures vanquished.

Vanquished Creatures (others)
  A hound (D:7)
  A gnoll (D:7)
2 creatures vanquished.

Grand Total: 389 creatures vanquished

Notes
Turn   | Place    | Note
-------+----------+-------------------------------------------
     0 | D:1      | CrypticCrinoid the Minotaur Berserker began the quest for
                  | the Orb.
     0 | D:1      | Reached XP level 1. HP: 19/19 MP: 0/0
     0 | D:1      | Found a faded altar of an unknown god.
   113 | D:1      | Reached XP level 2. HP: 27/27 MP: 1/1
   117 | D:1      | Reached skill level 4 in Axes
   657 | D:2      | Reached XP level 3. HP: 23/33 MP: 2/2
   840 | D:2      | Reached ** piety under Trog
  1128 | D:2      | Reached skill level 5 in Axes
  1203 | D:2      | Noticed Natasha
  1209 | D:2      | Killed Natasha
  1210 | D:2      | Reached XP level 4. HP: 31/41 MP: 3/3
  1463 | D:3      | Found Jeipta's Distillery.
  1468 | D:3      | Bought a potion of curing for 30 gold pieces
  1468 | D:3      | Bought a potion of heal wounds for 50 gold pieces
  1560 | D:3      | Found a runed translucent door.
  1561 | D:3      | Noticed Crazy Yiuf
  1569 | D:3      | Killed Crazy Yiuf
  1660 | D:3      | Reached XP level 5. HP: 47/47 MP: 4/4
  1900 | D:3      | Noticed Terence
  1907 | D:3      | Killed Terence
  1908 | D:3      | Reached skill level 6 in Axes
  1997 | D:3      | Reached skill level 5 in Fighting
  2134 | D:4      | Noticed a black bear
  2143 | D:4      | Killed a black bear
  2144 | D:4      | Reached XP level 6. HP: 52/57 MP: 5/5
  2278 | D:4      | Identified the +0 trident of the End of Times {flame,
                  | Dex+5}
  2588 | D:5      | Entered Level 5 of the Dungeon
  2775 | D:5      | Reached skill level 7 in Axes
  2820 | D:5      | Reached XP level 7. HP: 63/63 MP: 6/6
  3050 | D:5      | Reached skill level 8 in Axes
  3163 | D:5      | Reached *** piety under Trog
  3177 | D:5      | Reached XP level 8. HP: 69/71 MP: 7/7
  3226 | D:5      | Reached skill level 5 in Armour
  3787 | D:5      | Reached skill level 9 in Axes
  4162 | D:6      | Found a basalt altar of Yredelemnul.
  5056 | D:7      | Noticed Pikel
  5080 | D:7      | Killed Pikel
  5081 | D:7      | Reached skill level 10 in Axes
  5081 | D:7      | Reached XP level 9. HP: 81/81 MP: 8/8
  5126 | D:7      | Found a sand-covered staircase.
  5132 | Ossuary  | Entered an ossuary
  5364 | D:7      | Noticed Jeremiah
  5369 | D:7      | Killed Jeremiah
  5369 | D:7      | Reached **** piety under Trog
  5370 | D:7      | Reached skill level 11 in Axes
  5465 | D:7      | Noticed Joseph
  5477 | D:7      | Killed Joseph
  5478 | D:7      | Reached skill level 5 in Dodging
  5497 | D:7      | Noticed a cyan ugly thing
  5508 | D:7      | Killed a cyan ugly thing
  5509 | D:7      | Reached skill level 1 in Stealth
  5571 | D:7      | Reached skill level 12 in Axes
  5580 | D:7      | Reached XP level 10. HP: 46/90 MP: 9/9
  5817 | D:7      | Found a staircase to the Ecumenical Temple.
  5944 | D:7      | Noticed Maurice
  5950 | D:7      | Something stole 529 gold
  5968 | D:7      | Killed Maurice
  6212 | D:8      | Reached skill level 1 in Shields
  6458 | D:8      | Found an ancient bone altar of Kikubaaqudgha.
  6492 | D:8      | Found a snail-covered altar of Cheibriados.
  6535 | D:8      | Noticed a two-headed ogre
  6543 | D:8      | Killed a two-headed ogre
  6544 | D:8      | Reached skill level 13 in Axes
  6554 | D:8      | Reached ***** piety under Trog
  6887 | D:8      | You fall into a shaft and drop 3 floors!
  6958 | D:11     | Found a staircase to the Lair.
  6980 | D:11     | Reached skill level 10 in Armour
  6982 | D:11     | Reached XP level 11. HP: 23/99 MP: 10/10
  6983 | D:11     | Received a gift from Trog
  7101 | D:11     | Reached skill level 10 in Fighting
  7173 | D:11     | Reached skill level 14 in Axes
  7187 | D:10     | Entered Level 10 of the Dungeon
  7212 | D:10     | Noticed Sonja
  7221 | D:9      | Found a hazy altar of Hepliaklqana.
  7335 | D:9      | Noticed Erica
  7341 | D:9      | Killed Erica
  7801 | D:8      | Found a shimmering blue altar of Sif Muna.
  7926 | D:9      | Found a hide-covered altar of Uskayaw.
  7929 | D:9      | Found an iron altar of Okawaru.
  7947 | D:9      | Found a glowing golden altar of the Shining One.
  7949 | D:9      | Found an opulent altar of Gozag.
  7950 | D:9      | Found a stormy altar of Qazlal.
  7952 | D:9      | Found a broken altar of Ashenzari.
  7961 | D:9      | Found a sacrificial altar of Ru.
  8147 | D:9      | Noticed a two-headed ogre
  8153 | D:9      | Killed a two-headed ogre
  8294 | D:10     | Noticed Lodul
  8307 | D:10     | Killed Lodul
  8361 | D:10     | Noticed Grum
  8365 | D:10     | Reached skill level 15 in Axes
  8384 | D:10     | Killed Sonja
  8388 | D:10     | Killed Grum
  8465 | D:10     | Found a radiant altar of Vehumet.
  8808 | D:10     | Found a portal to a secret trove of treasure.
  8856 | D:10     | Received a gift from Trog
  8862 | D:10     | Found Zin's Purification Station.
  8908 | D:10     | Found a glowing silver altar of Zin.
  9231 | D:11     | Reached skill level 5 in Shields
  9340 | D:11     | Found a staircase to the Orcish Mines.
  9684 | D:12     | Reached XP level 12. HP: 110/110 MP: 11/11
  9931 | D:12     | Found Aklinus's Tremendous Tomes.
 10066 | D:12     | Reached skill level 16 in Axes
 10122 | D:13     | Noticed a six-headed hydra
 10123 | D:13     | Noticed a two-headed ogre
 10126 | D:13     | Killed an eight-headed hydra
 10126 | D:13     | Noticed a two-headed ogre
 10130 | D:13     | Noticed an ogre mage
 10137 | D:13     | Killed a two-headed ogre
 10137 | D:13     | Killed a two-headed ogre
 10199 | D:13     | Killed an ogre mage
 10222 | D:13     | Noticed a centaur warrior
 10230 | D:13     | Killed a centaur warrior
 10591 | D:13     | Noticed a centaur warrior
 10602 | D:13     | Killed a centaur warrior
 10606 | D:13     | Noticed Josephine
 10607 | D:13     | Noticed a centaur warrior
 10619 | D:13     | Killed a centaur warrior
 10619 | D:13     | Killed Josephine
 10727 | D:13     | Noticed a tengu warrior
 10730 | D:13     | Noticed a six-headed hydra
 10734 | D:13     | Killed a tengu warrior
 10741 | D:13     | Killed a nine-headed hydra
 10742 | D:13     | Reached skill level 17 in Axes
 10914 | D:13     | Noticed a two-headed ogre
 10919 | D:13     | Killed a two-headed ogre
 10931 | D:13     | Reached XP level 13. HP: 122/122 MP: 12/12
 10969 | D:13     | Noticed Rupert
 10988 | D:13     | Killed Rupert
 11258 | D:13     | Found a gate to the Vaults.
 12394 | D:15     | Entered Level 15 of the Dungeon
 12630 | D:15     | Noticed a fire dragon
 12648 | D:15     | Killed from afar by a fire dragon

Illustrated notes

Levels and vault maps discovered:
D:1:      roadster_arrival_rocket_small, layout_basic, basic_ecumenical_altar
D:2:      layout_loops_cross, uniq_natasha
D:3:      layout_rooms, serial_shops, nicolae_shop_advertising_works
          [nicolae_subvault_shop_adworks], chequers_serial_rivers_micro_a,
          uniq_terence, uniq_crazy_yiuf_cottage
D:4:      layout_cave_pools
D:5:      layout_basic, amcnicky_mini_pool_medium
D:6:      nicolae_BIG_FREAKIN_CUBE, layout_layer_cave,
          mainiacjoe_overflow_chevrons, minmay_statues_item,
          minmay_unpleasant_kobolds
D:7:      layout_basic, minmay_temple_entry_enclosed_plants,
          nicolae_ossuary_entry_plus, uniq_jeremiah, uniq_joseph, uniq_pikel,
          uniq_maurice
D:8:      layout_basic, regret_index_kikubaaqudgha_part_by_part, led_sif_book,
          slow_altar_2
D:9:      layout_basic, nicolae_overflow_hallway_of_the_gods,
          amcnicky_altar_gilded, uniq_erica
D:10:     layout_gridville, zin_purify, kennysheep_little_box, enter_trove_3,
          uniq_lodul, uniq_grum, uniq_sonja
D:11:     layout_irregular_city, minmay_lair_entry_grove, erik_orc_1
D:12:     layout_rooms, nicolae_shop_i_like_big_books, minmay_misc_feat_tiny
D:13:     layout_basic, david_vaults_2, hangedman_decor_slide_cut, st_stairs_6,
          minmay_quadrilaterals, uniq_rupert, uniq_josephine
D:14:     layout_basic, chequers_serial_rivers_large_a
D:15:     gammafunk_depths_entry_grave, layout_basic, dreamdust_wishing_well

Skill      XL: |  1  2  3  4  5  6  7  8  9 10 11 12 13 |
---------------+----------------------------------------+-----
Fighting       | 4 5 6 7 8 9 11 13 14 | 14.2
Axes           | 4 5 6 7 8 10 12 13 15 17 | 17.8
Armour         | 3 4 7 8 10 11 13 14 | 14.4
Dodging        | 3 4 5 6 |  6.0
Stealth        | 1 |  1.0
Shields        | 3 5 6 9 |  9.0

Action                     |  1- 3 |  4- 6 |  7- 9 | 10-12 | 13-15 || total
---------------------------+-------+-------+-------+-------+-------++-------
  Melee: Hand axe          |    60 |    82 |   198 |    43 |       ||   383
         Headbutt          |    13 |    15 |    48 |    62 |    40 ||   178
         Punch             |       |     1 |     2 |       |       ||     3
         War axe           |       |       |       |   400 |   170 ||   570
 Invoke: Berserk           |       |     2 |     4 |     8 |     1 ||    15
         Trog's Hand       |       |       |     1 |       |       ||     1
  Evoke: Wand              |       |       |     2 |       |       ||     2
    Use: Scroll            |       |     4 |     5 |     1 |     1 ||    11
 Armour: Animal skin       |    16 |       |       |       |       ||    16
         Scale mail        |    34 |    20 |       |       |       ||    54
         Chain mail        |       |    30 |   142 |    54 |       ||   226
         Plate armour      |       |       |       |   391 |   140 ||   531
  Dodge: Dodged            |    38 |    64 |   180 |   310 |    94 ||   686
  Block: Buckler           |       |       |       |    83 |       ||    83
         Kite shield       |       |       |       |    41 |    83 ||   124
